 Dungeon Crawl Stone Soup version 0.30-a0-956-gcec3b41aec (webtiles) character file.

Game seed: 12888478261179014036

28 Ahpoh the Slasher (level 3, -3/22 HPs)
             Began as a Gargoyle Gladiator on Mar 29, 2023.
             Slain by a hobgoblin (5 damage)
             ... on level 2 of the Dungeon.
             The game lasted 00:02:46 (1645 turns).

Ahpoh the Slasher (Gargoyle Gladiator)              Turns: 1645, Time: 00:02:47

Health: -3/22      AC:  7    Str: 17    XL:     3   Next: 12%
Magic:  3/3        EV: 12    Int:  8    God:
Gold:   54         SH:  0    Dex: 13    Spells: 2/2 levels left

rFire   . . .      SeeInvis .    a - +0 long sword
rCold   . . .      Faith    .    f - orb {mayhem}
rNeg    + . .      Spirit   .    b - +0 leather armour
rPois   ∞          Reflect  .    c - +0 helmet
rElec   +          Rampage  .    (no cloak)
rCorr   .                        (no gloves)
Will    .....                    (no boots)
Stlth   +                        (no amulet)
HPRegen 0.23/turn                (no ring)
MPRegen 0.08/turn                (no ring)

@: no status effects
A: sickness immunity, AC +3, negative energy resistance 1, electricity
resistance, torment resistance 1, petrification resistance
a: no special abilities


You were on level 2 of the Dungeon.
You visited 1 branch of the dungeon, and saw 2 of its levels.

You collected 54 gold pieces.

Inventory:

Hand Weapons
 a - a +0 long sword (weapon)
Missiles
 d - 3 throwing nets (quivered)
 e - a javelin
Armour
 b - a +0 leather armour (worn)
 c - a +0 helmet (worn)
 f - an orb of mayhem (worn)
Jewellery
 h - an amulet of reflection
Scrolls
 g - a scroll of noise {unknown}
 j - a scroll of identify {unknown}
 k - a scroll of poison {unknown}
 m - a scroll of teleportation {unknown}
 n - a scroll of immolation {unknown}
Potions
 i - 5 potions of curing {unknown}
 l - 2 potions of haste {unknown}


   Skills:
 + Level 2.3 Fighting
 + Level 3.1 Long Blades
 + Level 1.8 Throwing
 + Level 0.3 Armour
 + Level 2.9 Dodging


You had 2 spell levels left.
You didn't know any spells.
Your spell library contained the following spells:

 Spells                   Type           Power      Damage    Failure   Level
 Blink                    Tloc           0%         N/A       61%         2
 Manifold Assault         Tloc           0%         N/A       99%         4
 Storm Form               Tmut/Air       0%         N/A       100%        7


Dungeon Overview and Level Annotations

Branches:
Dungeon (2/15)

Altars:


Innate Abilities, Weirdness & Mutations

You are immune to sickness and miasma.
Your stone body is resilient. (AC +3)
You are immune to poison.
You resist negative energy. (rN+)
You are resistant to electric shocks. (rElec)
You are resistant to unholy torment.
You are immune to petrification.


Message History

You barely miss the worm. You hit the worm but do no damage.
The worm barely misses you.
You barely miss the worm.
The hobgoblin hits you but does no damage.
The worm bites you. The hobgoblin barely misses you.
You slash the worm!
The worm is heavily wounded.
The hobgoblin barely misses you. The worm misses you.
You hit the worm.
The worm is severely wounded.
The hobgoblin closely misses you.
You hit the worm.
The worm is almost dead.
The hobgoblin closely misses you. The worm bites you!
You hit the worm.
The worm is almost dead.
The hobgoblin hits you but does no damage.
The worm bites you but does no damage.
You barely miss the worm.
The worm is almost dead.
The hobgoblin hits you. The hobgoblin barely misses you.
You hit the worm.
The worm is almost dead.
The worm bites you!
* * * LOW HITPOINT WARNING * * *
The hobgoblin closely misses you.
You hit the worm.
The worm is almost dead.
The hobgoblin hits you but does no damage.
The worm closely misses you.
You hit the worm.
The worm is almost dead.
The hobgoblin closely misses you. The worm closely misses you.
You hit the worm.
You kill the worm!
The hobgoblin flies into a frenzy!
The hobgoblin misses you. x2
You closely miss the hobgoblin. The hobgoblin hits you.
* * * LOW HITPOINT WARNING * * *
The hobgoblin hits you.
You die...

#.# . ..# #g #.#######
#.## #........ ..
#...##...... ..
......... #. #.#g..#
#.. #...@# #.###....#
#.......## ###..#..##
##...##..##
#.<.†.##..# #
........##.###.# .#
.####.####.###.#..#...
... #............


You could see a neutral hobgoblin (fast, strong, insane).

Vanquished Creatures
  An adder (D:2)
  A worm (D:2)
  3 ball pythons (D:1)
  An endoplasm (D:1)
  A giant cockroach (D:1)
  A goblin (D:1)
  A hobgoblin (D:1)
  A kobold (D:1)
  4 bats
  A frilled lizard (D:1)
  4 bushes (D:1)
19 creatures vanquished.

Notes
Turn   | Place    | Note
-------+----------+-------------------------------------------
     0 | D:1      | Ahpoh the Gargoyle Gladiator began the quest for the Orb.
     0 | D:1      | Reached XP level 1. HP: 12/12 MP: 1/1
    73 | D:1      | Found a faded altar of an unknown god.
   448 | D:1      | Reached XP level 2. HP: 17/17 MP: 2/2
   471 | D:1      | Reached skill level 3 in Long Blades
  1600 | D:2      | Reached XP level 3. HP: 22/22 MP: 3/3
  1645 | D:2      | Slain by a hobgoblin

Illustrated notes

Levels and vault maps discovered:
D:1:      dpeg_arrival_rooms_c, layout_basic, serial_forest,
          infiniplex_forest_straight_3, infiniplex_forest_clump_small,
          infiniplex_forest_end_1, infiniplex_forest_end_2,
          infiniplex_forest_zigzag_1, infiniplex_forest_lined_room_3,
          infiniplex_forest_clump_medium, infiniplex_forest_lined_3_way,
          infiniplex_forest_join, infiniplex_forest_straight_5,
          shapermc_ecumenical_altar_starsandcircs, minmay_misc_feat_enclosed,
          minmay_misc_feat_tiny, minmay_distorted
D:2:      layout_rooms

Skill      XL: |  1  2 |
---------------+-------+-----
Long Blades    | 3 |  3.1
Fighting       | |  2.3
Throwing       | |  1.8
Armour         | |  0.3
Dodging        | |  2.9

Action                     || total
---------------------------++-------
  Melee: Long sword        ||   417
 Armour: Leather armour    ||    54
  Dodge: Dodged            ||   104

Table legend: (Time is in decaauts)
 A = Elapsed time spent in this place.
 B = Non-inter-level travel time spent in this place.
 C = Inter-level travel time spent in this place.
 D = Time resting spent in this place.
 E = Time spent auto-exploring this place.
 F = Levels seen in this place.
 G = Mean time per level.
                   A        B        C        D        E       F      G
               +--------+--------+--------+--------+--------+-----+--------+
         Total |   1751 |   1700 |     51 |     40 |   1000 |   2 |  875.5 |
       Dungeon |   1751 |   1700 |     51 |     40 |   1000 |   2 |  875.5 |
               +--------+--------+--------+--------+--------+-----+--------+

Top non-repeatable levels by time:
     D:1: 1662 daAuts
     D:2: 88 daAuts
